 Dungeon Crawl Stone Soup version 0.22.1-1-ga44c0e5 (webtiles) character file.

168 harcile the Covered (level 5, -1/47 HPs)
             Began as a Hill Orc Fighter on Oct 25, 2018.
             Slain by a centaur (5 damage)
             ... on level 3 of the Dungeon.
             The game lasted 00:06:23 (1819 turns).

harcile the Covered (Hill Orc Fighter)              Turns: 1819, Time: 00:06:24

Health: -1/47      AC:  8    Str: 20    XL:     5   Next: 49%
Magic:  5/5        EV:  7    Int:  8    God:
Gold:   188        SH:  9    Dex: 10    Spells: 4/4 levels left

rFire    . . .     SeeInvis .   a - +0 long sword
rCold    . . .     Gourm    .   c - +0 shield
rNeg     . . .     Faith    .   w - +0 scale mail
rPois    .         Spirit   .   p - +0 helmet
rElec    .         Reflect  .   (no cloak)
rCorr    .         Harm     .   (no gloves)
MR       .....                  (no boots)
Stlth    ..........             (no amulet)
HPRegen  0.15/turn              (no ring)
MPRegen  0.09/turn              (no ring)

@: no status effects
A: no striking features
a: no special abilities


You were on level 3 of the Dungeon.
You were not hungry.

You visited 1 branch of the dungeon, and saw 3 of its levels.

You collected 188 gold pieces.

Inventory:

Hand Weapons
 a - a +0 long sword (weapon)
 b - a +0 dagger of venom
Armour
 c - a +0 shield (worn)
 p - a +0 helmet (worn)
 w - a +0 scale mail (worn)
Wands
 r - a wand of clouds (4)
 v - a wand of flame (27)
Scrolls
 e - 3 scrolls of identify {unknown}
 g - 3 scrolls of teleportation {unknown}
 h - a scroll of immolation {unknown}
 i - 2 scrolls of remove curse {unknown}
 m - a scroll of noise {unknown}
 n - a scroll of magic mapping {unknown}
 t - a scroll of enchant armour {unknown}
 u - a scroll of enchant weapon {unknown}
Potions
 d - 3 potions of might
 j - a potion of heal wounds
 k - 2 potions of resistance {unknown}
 o - a potion of curing {unknown}
 q - 2 potions of flight {unknown}
 s - a potion of ambrosia {unknown}
Comestibles
 f - 6 rations
 l - 13 chunks of flesh


   Skills:
 + Level 4.3 Fighting
 + Level 4.0 Long Blades
 + Level 4.5 Armour
 + Level 0.6 Dodging
 + Level 3.8 Shields


You had 4 spell levels left.
You didn't know any spells.
Your spell library was empty.

Dungeon Overview and Level Annotations

Branches:
Dungeon (3/15)

Altars:


Message History

* * * LOW HITPOINT WARNING * * *
You hit the centaur.
The centaur is severely wounded.
The centaur hits you.
* * * LOW HITPOINT WARNING * * *
The centaur completely misses you.
You hit the centaur.
The centaur is severely wounded.
You block the centaur's attack. x2
You hit the centaur.
The centaur is almost dead.
The centaur barely misses you.
You riposte.
You hit the centaur.
The centaur is almost dead.
You block the centaur's attack.
You hit the centaur.
The centaur is almost dead.
The centaur hits you.
* * * LOW HITPOINT WARNING * * *
The centaur hits you.
You die...

#..≈≈≈≈≈≈≈≈≈.
#≈.≈≈≈.♣.≈≈≈≈
#.≈≈≈≈._♣≈≈≈≈
#.≈≈≈≈≈..≈≈≈≈
#≈.≈≈≈≈≈≈≈≈≈≈
#..≈≈≈≈≈≈≈≈≈≈
#≈≈(≈≈≈≈≈≈≈≈≈
#..≈(≈≈≈≈≈.≈.
#(...@cg≈....
#############


You could see a centaur and a hobgoblin.

Vanquished Creatures
  2 orc wizards (D:3)
  4 adders
  A worm (D:3)
  5 dart slugs
  2 orcs (D:3)
  3 giant cockroaches
  6 goblins
  9 hobgoblins
  3 jackals (D:3)
  12 kobolds
  A quokka (D:2)
  7 bats
  4 frilled lizards
  6 rats
65 creatures vanquished.

Notes
Turn   | Place    | Note
-------+----------+-------------------------------------------
     0 | D:1      | harcile the Hill Orc Fighter began the quest for the Orb.
     0 | D:1      | Reached XP level 1. HP: 19/19 MP: 1/1
    84 | D:1      | Reached XP level 2. HP: 25/27 MP: 2/2
   393 | D:1      | Reached XP level 3. HP: 30/33 MP: 3/3
  1087 | D:2      | Reached XP level 4. HP: 32/40 MP: 4/4
  1690 | D:3      | Reached XP level 5. HP: 32/46 MP: 5/5
  1774 | D:3      | Found a faded altar of an unknown god.
  1802 | D:3      | Noticed a centaur
  1819 | D:3      | Slain by a centaur

Skill      XL: |  1  2  3  4  5 |
---------------+----------------+-----
Armour         | 4 |  4.5
Fighting       | 4 |  4.3
Long Blades    | 3 4 |  4.0
Dodging        | |  0.6
Shields        | |  3.8

Action                   |  1- 3 |  4- 6 || total
-------------------------+-------+-------++-------
Melee: Long sword        |   140 |   147 ||   287
  Use: Potion            |       |     1 ||     1
  Eat: Chunk             |     1 |     3 ||     4
Armor: Scale mail        |    65 |    79 ||   144
Dodge: Dodged            |    27 |    52 ||    79
Block: Shield            |    67 |    79 ||   146
       Rpst.: Long sword |     5 |    15 ||    20
